 Dungeon Crawl Stone Soup version 0.15-a0-2123-gb18dd36 (webtiles) character file.

88 Kae the Firebug (level 4, 0/24 HPs)
             Began as a Tengu Fire Elementalist on July 16, 2014.
             Succumbed to an adder's poison
             ... on Level 3 of the Dungeon.
             The game lasted 00:02:57 (2713 turns).

Kae the Firebug (Tengu Fire Elementalist)           Turns: 2713, Time: 00:02:58

HP   0/24        AC  2     Str  8      XL: 4   Next: 54%
MP   8/9         EV 12     Int 22      God:
Gold 135         SH  0     Dex 14      Spells:  1 memorised,  6 levels left

rFire  + . .     SeeInvis .     f - +4 club
rCold  + . .     Clarity  .     a - +0 robe
rNeg   . . .     rCorr    .     (no shield)
rPois  +         rRot     .     (helmet restricted)
rElec  +         Spirit   .     (no cloak)
SustAb .         Warding  .     (no gloves)
rMut   .         Stasis   .     (boots unavailable)
Gourm  .                        (no amulet)
MR     .....                    (no ring)
                                (no ring)

@: brilliant, lethally poisoned, resistant, not resistant to hostile
enchantments, unstealthy
A: beak, talons 3
a: no special abilities


You were on level 3 of the Dungeon.
You were very hungry.

You visited 1 branch of the dungeon, and saw 3 of its levels.

You collected 135 gold pieces.

Inventory:

Hand weapons
 f - a +4 club (weapon)
Armour
 a - a +0 robe (worn)
Comestibles
 c - 4 bread rations
 h - 4 meat rations
 m - a royal jelly
Scrolls
 g - a scroll of amnesia
 i - 5 scrolls of identify
Potions
 l - 2 potions of porridge
Books
 b - a book of Flames

   Spells                             Type                      Level
   *Flame Tongue                      Conjuration/Fire             1
   Throw Flame                        Conjuration/Fire             2
   Conjure Flame                      Conjuration/Fire             3
   Inner Flame                        Hexes/Fire                   3
   Sticky Flame                       Conjuration/Fire             4
   Fireball                           Conjuration/Fire             5


   Skills:
 - Level 2.1 Dodging
 - Level 2.0 Stealth
 + Level 2.4 Spellcasting
 * Level 3.2 Conjurations
 * Level 4.7 Fire Magic


You had 6 spell levels left.
You knew the following spells:

 Your Spells              Type           Power        Failure   Level  Hunger
a - Flame Tongue          Conj/Fire      ####.        1%          1    None


Dungeon Overview and Level Annotations

Branches:
Dungeon (3/15)

Altars:
Cheibriados
The Shining One


Innate Abilities, Weirdness & Mutations

You have a beak for a mouth.
You have claws for feet.


Message History

Confirm with . or Enter, or press ? or * to list all spells.
You can't see any susceptible monsters within range! (Use Z to cast anyway.)
Casting: Flame Tongue
Confirm with . or Enter, or press ? or * to list all spells.
You can't see any susceptible monsters within range! (Use Z to cast anyway.) Drink which item? (? for menu, Esc to quit)
You feel protected.
It was a potion of resistance.
Drink which item? (? for menu, Esc to quit)
You feel clever all of a sudden.
* * * LOW HITPOINT WARNING * * *
You feel sick.
There is a lethal amount of poison in your body!
* * * LOW HITPOINT WARNING * * *
You feel sick.
* * * LOW HITPOINT WARNING * * *
You feel sick.
* * * LOW HITPOINT WARNING * * *
You feel sick.
You die...

..####................
..# #..#.#.#.##.....
..#....##.#.#.##.. .
....##.##.#....#.. ...
..##.#....#.# ...
...##.#....#.# .
....##.##...#.#
....##.##.....#
.....#....#@# #....#.#
....#.##.# ....####.#
... ... # #.# #.# #.#
#.#


There were no monsters in sight!

Vanquished Creatures
  Jessica (D:3)
  3 adders
  3 giant geckos
  An orc (D:3)
  2 giant cockroaches (D:2)
  5 goblins
  3 hobgoblins
  2 jackals (D:1)
  A quokka (D:2)
  4 bats
  5 giant newts
  7 kobolds
  8 rats
45 creatures vanquished.

Notes
Turn   | Place    | Note
--------------------------------------------------------------
     0 | D:1      | Kae, the Tengu Fire Elementalist, began the quest for the Orb.
     0 | D:1      | Reached XP level 1. HP: 10/10 MP: 3/3
   245 | D:1      | Reached XP level 2. HP: 10/15 MP: 1/5
   868 | D:2      | Reached skill level 4 in Fire Magic
   946 | D:2      | Reached XP level 3. HP: 15/19 MP: 7/7
  1300 | D:2      | Found a snail-covered altar of Cheibriados.
  1520 | D:2      | Found a glowing golden altar of the Shining One.
  2015 | D:2      | Reached XP level 4. HP: 8/24 MP: 0/8
  2370 | D:3      | Noticed Jessica
  2408 | D:3      | Killed Jessica
  2710 | D:3      | HP: 1/24 [poisoned by an adder]
  2713 | D:3      | Succumbed to an adder's poison

Action                   |  1- 3 |  4- 6 || total
-------------------------+-------+-------++-------
Melee: Unarmed           |   100 |       ||   100
       Club              |       |     7 ||     7
       Spear             |       |     5 ||     5
 Cast: Flame Tongue      |    39 |    10 ||    49
  Use: Potion            |     2 |     2 ||     4
       Scroll            |       |     6 ||     6
 Stab: Sleeping          |     4 |       ||     4
  Eat: Chunk             |     4 |     1 ||     5
